[Event "Early-Titled-Tuesday-Blitz-April-23-2024"]
[Site "Chess.com"]
[Date "2024.04.23"]
[Round "11"]
[White "Balla_Tamas"]
[Black "mertfelin"]
[Result "1-0"]
[WhiteElo "2531"]
[BlackElo "2291"]
[TimeControl "180+1"]
[EndTime "10:12:11 PDT"]
[Termination "Balla_Tamas won by resignation"]

1. e4 e5 2. Nf3 Nc6 3. Bc4 Bc5 4. b4 Bxb4 5. c3 Ba5 6. d4 d6 7.
O-O Bg4 8. d5 Nce7 9. h3 Bh5 10.
Bg5 h6 11. Bh4 g5 12. Bg3 Nf6 13. Nbd2 Qd7 14. Qb3 Bb6 15. Bb5 c6 16. dxc6 bxc6 17.
Ba4 Bg6 18. Rad1 Qc7 19. Nc4 Bc5 20. Ncxe5 Nxe4 21. Rfe1 dxe5 22. Bxe5 Bxf2+ 23. Kh1 Qb6 24. Bxh8 Bxe1 25. Rxe1 Qxb3 26. Bxb3 O-O-O 27. Bd4 c5 28.
Be3 Nd5 29. Ne5 Ndxc3 30. Nc6 Re8 31. Kh2 Kb7 32. Na5+ Ka6 33. Nc4 Rd8 34. Rf1 Ne2 35. Rf3 Nd4 36. Bxd4 cxd4 37. Ne5 d3 38. Re3 Nc5 39.
Bc4+ Kb6 40. Re1 d2 41. Rd1 Bc2 42. Rxd2 Rxd2 43. Bxf7 Be4 44. Nc4+ Kc7 45. Nxd2 Bc6 46. Bc4 Kd6 47. Kg3 Bd5 48. Bxd5 Kxd5 49. Kg4 Na4 50.
Kh5 Nc3 51. Kxh6 Nxa2 52. Kxg5 Nc3 53. h4 a5 54. h5 Ke6 55. Kg6 Ke7 56. h6 Nd5 57. h7 Nf4+ 58. Kg7 Ne6+ 59. Kg8 1-0

[Event "Early-Titled-Tuesday-Blitz-April-23-2024"]
[Site "Chess.com"]
[Date "2024.04.23"]
[Round "11"]
[White "Doublekk14"]
[Black "osielchesslover2011"]
[Result "1-0"]
[WhiteElo "2382"]
[BlackElo "2221"]
[TimeControl "180+1"]
[EndTime "10:12:13 PDT"]
[Termination "Doublekk14 won by checkmate"]

1. e4 c5 2. Nf3 d6 3. d4 cxd4 4. Nxd4 Nf6 5. Nc3 a6 6. Bg5 e6 7. f4 Be7 8. Qf3 Qc7 9. O-O-O Nbd7 10. Bxf6 Nxf6 11. Kb1 b5 12. e5 Bb7 13. Bxb5+ axb5 14. Ndxb5 Qb6 15. Rxd6 Bxd6 16. Qxb7 Qxb7 17. Nxd6+ Kd7 18.
Nxb7 Ne8 19. Rd1+ Kc6 20. Nd8+ Kc5 21. Ne4+ Kb6 22. Rd7 Ra7 23. Rd3 Rf8 24. c4 Kc7 25.
Ng5 Kc8 26. Nc6 Rc7 27. Na5 h6 28. Ne4 Rd7 29. Nd6+ Nxd6 30. exd6 Ra7 31. b4 Kd7 32. c5 Rb8 33. c6+ Ke8 34. d7+ Kd8 35. Nb7+ Raxb7 36.
cxb7 Rxb7 37. a3 Rb5 38. Kb2 Rf5 39. g3 Rh5 40. Rd2 g5 41. fxg5 hxg5 42. Kb3 f5 43. b5 f4 44. g4 Rh3+ 45. Kb4 Re3 46. b6 Re1 47. a4 Rb1+ 48. Kc5 e5 49. a5 e4 50. a6 e3 51. a7 Ra1 52. b7 Rc1+ 53.
Kd6 Rc6+ 54. Kxc6 exd2 55. b8=Q+ Ke7 56. Qe8+ Kf6 57. d8=Q+ Kg7 58. Qxd2 f3 59. Qd6 f2 60. Qee7+ Kg8 61. Qdd8# 1-0

[Event "Early-Titled-Tuesday-Blitz-April-23-2024"]
[Site "Chess.com"]
[Date "2024.04.23"]
[Round "11"]
[White "gpsji27"]
[Black "JaackCamel"]
[Result "0-1"]
[WhiteElo "2302"]
[BlackElo "2218"]
[TimeControl "180+1"]
[EndTime "10:12:14 PDT"]
[Termination "JaackCamel won by resignation"]

1. d4 d5 2. Nf3 e6 3. Bg5 Nf6 4. e3 Be7 5. Nbd2 O-O 6. Bd3 c5 7. c3 b6 8. O-O Ba6 9. Bxa6 Nxa6 10. Ne5 Qe8 11. f4 Nb8 12. Ndf3 Nfd7 13. Bxe7 Qxe7 14. Qc2 Nf6 15. Rae1 Ne4 16. Nd2 Nd6 17. e4 cxd4 18. cxd4 dxe4 19. Nxe4 Nf5 20. Qc3 Nd7 21. Nc6 Qe8 22.
d5 exd5 23. Nf6+ Nxf6 24. Rxe8 Rfxe8 25. Ne5 Rac8 26. Qd2 d4 27. g4 Ne3 28. Re1 Red8 29. g5 Nh5 30. Nd3 Rc2 31. Qb4 Nf5 32. Re5 g6 33.
Qb3 Rdc8 34. Rd5 Nhg7 35. Rd7 Ne6 36. Ne5 Rc1+ 37. Kf2 R8c2+ 38. Kf3 Rf1+ 39. Ke4 Rxf4+ 40. Kd3 Rcf2 41. Qd5 Nc5+ 42. Kc4 Ne3+ 43. Kb5 Nxd5 44. Rxd5 Rxb2+ 45. Kc6 Ne6 46. Nd3 Rc2+ 47. Kd7 Rf3 48. Ne5 Rff2 49. Ke7 Rc7+ 50. Ke8 Rc8+ 51. Ke7 Rfc2 52.
Nd7 R2c7 53. Kd6 Rc6+ 54. Ke5 Kg7 55. Nf6 Rc5 56. Rxc5 0-1

[Event "Early-Titled-Tuesday-Blitz-April-23-2024"]
[Site "Chess.com"]
[Date "2024.04.23"]
[Round "11"]
[White "biveklama"]
[Black "alpope"]
[Result "1-0"]
[WhiteElo "2621"]
[BlackElo "2515"]
[TimeControl "180+1"]
[EndTime "10:12:17 PDT"]
[Termination "biveklama won by resignation"]

1. e4 d6 2. d4 Nf6 3. Nc3 e5 4. dxe5 dxe5 5. Qxd8+ Kxd8 6. Bc4 Be6 7. Bxe6 fxe6 8. Nge2 Bd6 9. Bg5 Ke7 10. f3 a6 11.
O-O-O Nc6 12. a3 b5 13. Be3 Rhb8 14. Kd2 a5 15. a4 bxa4 16. Nxa4 Nd7 17. b3 Nb6 18. Ra1 Bb4+ 19. c3 Bd6 20. Kc2 Nd7 21.
Rhd1 Rb7 22. Rdb1 Rab8 23. Nc1 h6 24. Nd3 Kf7 25. Ndc5 Nxc5 26. Bxc5 Rb5 27. Be3 Be7 28. Rb2 Bd6 29. Rd1 Kg6 30. h3 Kf7 31. Rbb1 Ke8 32.
h4 Kf7 33. h5 Ke8 34. c4 R5b7 35. Nc5 Bxc5 36. Bxc5 Rd8 37. Rxd8+ Nxd8 38. b4 axb4 39. Rxb4 Rxb4 40. Bxb4 Nc6 41. Bc3 Kf7 42. Kd3 Kf6 43.
Bd2 Nd8 44. c5 Ke7 45. f4 exf4 46. Bxf4 c6 47. Be5 Kf7 48. Kc4 g6 49. g4 gxh5 50.
gxh5 Ke8 51. Bf4 Nf7 52. Kb4 Ng5 53. e5 Nf3 54. Ka5 Kd7 55. Bxh6 Nxe5 56. Bg7 Nf7 57. h6 e5 58. h7 e4 59. h8=N Nxh8 60. Bxh8 Ke6 61.
Kb6 Kd5 62. Bc3 Kc4 63. Bd2 Kd5 64. Be3 Kc4 65. Kxc6 Kd3 66. Bg1 Ke2 67. Kd5 e3 68.
Bxe3 Kxe3 69. c6 1-0

[Event "Early-Titled-Tuesday-Blitz-April-23-2024"]
[Site "Chess.com"]
[Date "2024.04.23"]
[Round "11"]
[White "sathvikadiga"]
[Black "amylazy"]
[Result "0-1"]
[WhiteElo "2605"]
[BlackElo "2478"]
[TimeControl "180+1"]
[EndTime "10:12:18 PDT"]
[Termination "amylazy won by checkmate"]

1. d4 Nf6 2. Nc3 d5 3. Bf4 g6 4. e3 Bg7 5. h4 h6 6. Nf3 O-O 7.
Ne5 c5 8. Qd2 Qb6 9. O-O-O Ne4 10. Nxe4 dxe4 11. Bc4 Kh7 12. Kb1 Nc6 13. Nxf7 cxd4 14.
exd4 Nxd4 15. Ng5+ Kh8 16. c3 Bf5 17. Be3 Qc6 18. Bxd4 e3+ 19. Qd3 Bxd3+ 20. Bxd3 hxg5 21. hxg5+ Kg8 22. fxe3 e5 23. Bc2 exd4 24. Bb3+ Rf7 25. exd4 Re8 26. d5 Qd6 27. Rdf1 Ref8 28. Rxf7 Rxf7 29.
Re1 Bf8 30. Re6 Rf1+ 31. Kc2 Rf2+ 32. Kb1 Qf4 33. a3 Qf5+ 34. Ka2 Kg7 35. d6 Rd2 36.
d7 Rxd7 37. Re3 Qf2 38. Rf3 Qxg2 39. Rf4 Bd6 40. Rf6 Qxg5 41. Re6 Be7 42. Re2 Bf6 43. Re6 Rd2 44. Re8 Qg2 45. Rg8+ Kh6 46. Bf7 Rxb2+ 47. Ka1 Bxc3 48. Rxg6+ Qxg6 49. Bxg6 Rg2+ 50. Kb1 Kxg6 51. a4 Kf5 52. a5 Ke4 53. a6 b5 54. Kc1 b4 55. Kb1 b3 56. Kc1 Rg1# 0-1

[Event "Early-Titled-Tuesday-Blitz-April-23-2024"]
[Site "Chess.com"]
[Date "2024.04.23"]
[Round "11"]
[White "Journey_to_GrandMaster_YT"]
[Black "ubdip"]
[Result "1-0"]
[WhiteElo "2553"]
[BlackElo "2403"]
[TimeControl "180+1"]
[EndTime "10:12:18 PDT"]
[Termination "Journey_to_GrandMaster_YT won by resignation"]

1. d4 d5 2. Nf3 Bf5 3. e3 e6 4.
Bd3 Bxd3 5. Qxd3 Nf6 6. Qb5+ Nbd7 7. Qxb7 Bd6 8. O-O O-O 9. Nbd2 Ne4 10. c4 Nxd2 11. Bxd2 dxc4 12. Qc6 Nb6 13. a4 a5 14.
Rfc1 f6 15. Qb5 e5 16. Bxa5 c6 17. Qxb6 Rxa5 18. Qxc6 exd4 19. Qxc4+ Kh8 20. Qxd4 Qb8 21. b4 Qxb4 22. Qxb4 Bxb4 23. Nd4 Ra6 24. Rc7 h5 25. h4 Rfa8 26. Rc4 Bd6 27. Nf5 Be5 28. Ra2 R8a7 29. g3 Kh7 30. Kg2 Kg6 31. Nd4 Kf7 32. Nb5 Rd7 33.
f4 Bb8 34. Rc8 Rb7 35. Nd4 Ba7 36. a5 Bxd4 37. exd4 Rd7 38. Rc4 Rd5 39. Rca4 Ke6 40. Kf3 Kf5 41. Ke3 Rb5 42. Kd3 Kg4 43. Kc4 Rf5 44.
R2a3 Rc6+ 45. Kb4 Rd6 46. a6 Rxd4+ 47. Kc3 Rd8 48. a7 Rc8+ 49. Kd4 Rd8+ 50. Ke4 Re8+ 51. Kd3 Rd8+ 52. Ke2 Re8+ 53. Kf2 Ra8 54. Ra5 g6 55.
Rxf5 Kxf5 56. Kf3 Ke6 57. Ra6+ Kf5 58. Ra5+ Ke6 59. Ke4 f5+ 60. Kd4 Kd6 61. Ra6+ Kc7 62. Ke5 Kb7 63. Ra3 Re8+ 64. Kf6 Ka8 65. Kxg6 Rf8 66. Kxh5 Rg8 67. Kh6 Rg4 68. h5 Rg8 69. Kh7 Rg4 70. h6 Kb7 71. a8=Q+ 1-0

[Event "Early-Titled-Tuesday-Blitz-April-23-2024"]
[Site "Chess.com"]
[Date "2024.04.23"]
[Round "11"]
[White "DenLaz"]
[Black "Baku_Boulevard"]
[Result "1/2-1/2"]
[WhiteElo "3110"]
[BlackElo "3043"]
[TimeControl "180+1"]
[EndTime "10:12:19 PDT"]
[Termination "Game drawn by repetition"]

1. d4 d5 2. c4 e6 3. Nf3 c5 4. cxd5 exd5 5. g3 Nc6 6. Bg2 Nf6 7.
O-O Be7 8. dxc5 Bxc5 9. a3 Ne4 10. b4 Be7 11. Bb2 Bf6 12. Qb3 Be6 13. Nbd2 O-O 14. Rad1 Qe7 15. Qc2 Bf5 16. Bxf6 Qxf6 17. Nxe4 Bxe4 18. Qd2 Rfe8 19. b5 Ne5 20. Nxe5 Qxe5 21.
e3 Rac8 22. Qd4 b6 23. Qxe5 Rxe5 24. Rd4 Rc5 25. a4 g5 26. Rfd1 Bc2 27. R1d2 Bb3 28. h4 h6 29. hxg5 hxg5 30. Bf3 Kg7 31. Kg2 Kf6 32.
Bd1 Bc4 33. Bf3 Ke6 34. g4 Bb3 35. Bd1 Bc4 36. Bc2 Ke7 37. Bf5 Bb3 38. Kg3 f6 39. Kg2 Rc4 40. Kg3 Rxa4 41. Rxa4 Bxa4 42. Ra2 Bxb5 43.
Rxa7+ Kd6 44. Rf7 Bc6 45. Rxf6+ Kc5 46. Rf8 b5 47. Rc8 Kd6 48. Rb8 Kc7 49. Rh8 b4 50. Rh1 Kb6 51. Rb1 Kc5 52. Rc1+ Kd6 53. Rb1 Kc5 54.
Rc1+ Kb6 55. Rb1 Kb5 56. Bd3+ Kc5 57. Rc1+ Kd6 58. Rb1 Kc5 59. Rc1+ Kb6 60. Rb1 Kc5 1/2-1/2

[Event "Early-Titled-Tuesday-Blitz-April-23-2024"]
[Site "Chess.com"]
[Date "2024.04.23"]
[Round "11"]
[White "jinbojinbo"]
[Black "TanitoluwaAps116"]
[Result "0-1"]
[WhiteElo "2649"]
[BlackElo "2784"]
[TimeControl "180+1"]
[EndTime "10:12:20 PDT"]
[Termination "TanitoluwaAps116 won on time"]

1. c4 e5 2. Nc3 Nc6 3. Nf3 Nf6 4. g3 d5 5. cxd5 Nxd5 6. Bg2 Bc5 7. O-O O-O 8. d3 Nf6 9. Bd2 h6 10. Rc1 Be6 11. Na4 Bd6 12. Nc5 Bxc5 13. Rxc5 e4 14.
Ne1 Qd4 15. Be3 Qxb2 16. dxe4 Rad8 17. Nd3 Qxa2 18. Rc2 Qa4 19. Rb2 Qxd1 20. Rxd1 b6 21. Rc1 Na5 22. Rxc7 Nc4 23. Bc1 Nxb2 24. Bxb2 Rd7 25.
Rc6 Rfd8 26. h3 Ne8 27. Be5 Rb7 28. Bb2 Rc8 29. e5 Rxc6 30. Bxc6 Rb8 31. f4 Bxh3 32. e4 Rc8 33. Bb5 Rc2 34. Bxe8 Rg2+ 35. Kh1 Rd2 36. Bb5 Bf1 37. Bc3 Rc2 38. Bb4 Re2 39. Bd6 Re3 40. e6 fxe6 41. f5 Bxd3 42. Bd7 Bxe4+ 43. Kh2 Bxf5 44.
Bf4 Rd3 45. Be8 g5 46. Be5 Kf8 47. Bc6 h5 48. Bb8 h4 49. Bxa7 hxg3+ 50. Kg2 e5 51. Bxb6 e4 52. Bc5+ Kf7 53. Ba7 Kf6 54. Bb8 Kg6 55.
Bxg3 Kh5 56. Bc7 Kg4 57. Be5 Rd2+ 58. Kf1 e3 59. Ke1 Bd3 60. Bg2 Rxg2 0-1

[Event "Early-Titled-Tuesday-Blitz-April-23-2024"]
[Site "Chess.com"]
[Date "2024.04.23"]
[Round "11"]
[White "doctorcristian"]
[Black "AsselLesbekova"]
[Result "1/2-1/2"]
[WhiteElo "2584"]
[BlackElo "2462"]
[TimeControl "180+1"]
[EndTime "10:12:20 PDT"]
[Termination "Game drawn - insufficient material"]

1. d4 d5 2. Bf4 e6 3. e3 Bd6 4. Qg4 g6 5. Bxd6 Qxd6 6. Nc3 c6 7. O-O-O Nf6 8. Qh4 Qe7 9. f4 Ne4 10. Qxe7+ Kxe7 11. Nxe4 dxe4 12. Ne2 b5 13. c4 bxc4 14.
Nc3 f5 15. Bxc4 Ba6 16. Bb3 Nd7 17. Na4 Bb5 18. Kd2 Rab8 19. Nc5 Nxc5 20. dxc5 Rhd8+ 21. Kc3 Bd3 22. Ba4 Bb5 23. Bxb5 Rxb5 24. b4 Rdb8 25. a3 a5 26. Rd4 axb4+ 27. axb4 Ra8 28. Kb3 h6 29.
Rhd1 Rb7 30. Rd6 Ra6 31. Rd8 g5 32. Rh8 gxf4 33. exf4 Rba7 34. Rh7+ Ke8 35. Rxa7 Rxa7 36. Rd6 Ke7 37. Rxc6 e3 38. Kc2 Ra2+ 39. Kd1 Rxg2 40. b5 Rb2 41. b6 e5 42. fxe5 f4 43. Rf6 Rb5 44. Rxf4 Rxc5 45. Rb4 Rc8 46. b7 Rb8 47. Rb6 Kd7 48. e6+ Kc7 49. Rb3 Rd8+ 50. Ke2 Kb8 51. Kxe3 Rd6 52. Kf4 Rxe6 53. Kf5 Re2 54. h3 Rg2 55.
Kf4 Rg5 56. h4 Rg1 57. Rb6 h5 58. Rb5 Rg4+ 59. Ke5 Rxh4 60. Kd6 Rd4+ 61. Kc6 Rc4+ 62. Kb6 Rc7 63. Ka6 Rh7 64. Rb6 h4 65. Rc6 Rh8 66. Rc2 Rh6+ 67. Kb5 Kxb7 68. Rh2 Kc7 69. Kc5 Rh5+ 70.
Kd4 Kd6 71. Ke4 Ke6 72. Kf4 Kf6 73. Kg4 Kg6 74. Kh3 Kg5 75. Rg2+ Kf4 76. Rf2+ Ke3 77. Rf8 Rh7 78. Re8+ Kf4 79. Rf8+ Ke3 80. Re8+ Kf4 81.
Rf8+ Kg5 82. Rg8+ Kh5 83. Rg4 Ra7 84. Rxh4+ Kg5 85. Rb4 Ra3+ 86. Kg2 Ra2+ 87. Kf3 Ra3+ 88. Ke4 Rg3 89. Rb5+ Kg4 90. Ke5 Re3+ 91. Kd4 Re1 92. Rb4 Kf3 93. Kd5 Rd1+ 94. Kc5 Rc1+ 95. Kd4 Ke2 96.
Rb2+ Kf3 97. Rd2 Rc8 98. Rd3+ Ke2 99. Re3+ Kd2 100. Re4 Rd8+ 101. Kc4 Rc8+ 102. Kb4 Rb8+ 103. Kc5 Rc8+ 104. Kd4 Rd8+ 105. Ke5 Re8+ 106. Kf4 Rxe4+ 107. Kxe4 1/2-1/2

[Event "Early-Titled-Tuesday-Blitz-April-23-2024"]
[Site "Chess.com"]
[Date "2024.04.23"]
[Round "11"]
[White "TigrVShlyape"]
[Black "MyDream003"]
[Result "1/2-1/2"]
[WhiteElo "3025"]
[BlackElo "2838"]
[TimeControl "180+1"]
[EndTime "10:12:22 PDT"]
[Termination "Game drawn by repetition"]

1. d4 Nf6 2. Bf4 c5 3. e3 cxd4 4. exd4 e6 5. c3 Qb6 6. Qb3 Nc6 7. Nd2 Na5 8. Qc2 d5 9. Ngf3 Be7 10. Bd3 O-O 11.
O-O Bd7 12. a4 Rfc8 13. Rfe1 Be8 14. h4 Nc6 15. Qb3 Na5 16. Qa2 a6 17. Ne5 Nc6 18.
a5 Qd8 19. Nef3 Ng4 20. g3 h6 21. Nf1 g5 22. hxg5 hxg5 23. Bd2 Kg7 24. Ne3 Nxe3 25. Bxe3 g4 26. Nh2 f5 27. Bf4 Bf7 28. Qb1 Qd7 29. f3 gxf3 30. Nxf3 Rh8 31. Kg2 Bh5 32.
Ne5 Nxe5 33. Bxe5+ Bf6 34. Bf4 Rag8 35. Qc2 Qf7 36.
Qb3 Bg4 37. Qb6 Qh5 38. Qc7+ Kg6 39. Kf2 Qh2+ 40. Ke3 Qg2 41. Re2 Bxe2 42. Bxe2 Rh2 43. Re1 Qe4+ 44. Kd2 Rgh8 45. Qxb7 Rg2 46. Qxa6 Rhh2 47.
Qd3 Bg5 48. Bxg5 Kxg5 49. a6 Rh8 50. b4 Ra8 51. b5 Qxd3+ 52. Kxd3 Rxg3+ 53. Kd2 Rg2 54. Rb1 f4 55. Kd3 Rg3+ 56. Kd2 Rg2 57. Kd3 Rg3+ 58.
Kd2 Rg2 1/2-1/2

[Event "Early-Titled-Tuesday-Blitz-April-23-2024"]
[Site "Chess.com"]
[Date "2024.04.23"]
[Round "11"]
[White "vasblesk"]
[Black "dropstoneDP"]
[Result "0-1"]
[WhiteElo "2823"]
[BlackElo "3025"]
[TimeControl "180+1"]
[EndTime "10:12:23 PDT"]
[Termination "dropstoneDP won by resignation"]

1. d4 d5 2. c4 dxc4 3. Nf3 Nf6 4.
e3 e6 5. Bxc4 a6 6. O-O c5 7. dxc5 Bxc5 8. Qxd8+ Kxd8 9. Be2 Ke7 10. Nc3 b5 11. Nd2 Bb7 12. Nb3 Bb4 13. Bd2 Nc6 14. a3 Bd6 15. Bf3 Rab8 16. a4 bxa4 17.
Rxa4 Ne5 18. Bd1 Rhc8 19. Na5 Ba8 20. Nb3 Bb7 21. Na5 Ba8 22. Nb3 Rb6 23. Bc2 Nc4 24. Bc1 Bb4 25. Na2 Bd6 26. Nc3 Be5 27. h3 Nxb2 28. Bxb2 Bxc3 29. Ba3+ Ke8 30. Nc5 a5 31. Rc4 Bb4 32. Ba4+ Ke7 33. Bxb4 axb4 34. Rfc1 Bd5 35. R4c2 b3 36. Rb2 Ne4 37. Nd3 Rxc1+ 38. Nxc1 Nc5 39. Bxb3 Bxb3 40. f3 Rb7 41. Kf2 Bc4 42. Rxb7+ Nxb7 43. e4 Nc5 44. Ke3 Nb3 45. Na2 e5 46. Nc3 f6 47.
Kf2 Be6 48. Ke3 Kf7 49. h4 h5 50.
g3 Na5 51. f4 Nc4+ 52. Kf2 Nd6 53. Ke3 Bd7 54. Kf3 Bc6 55. Ke3 Bxe4 56. Nxe4 Nxe4 57. Kxe4 Ke6 58. Ke3 Kf5 59. Kf3 exf4 60. gxf4 g6 61. Ke3 Kg4 62. Ke4 Kxh4 63. Kf3 f5 64. Kf2 Kg4 65. Ke3 Kg3 66. Kd4 0-1

[Event "Early-Titled-Tuesday-Blitz-April-23-2024"]
[Site "Chess.com"]
[Date "2024.04.23"]
[Round "11"]
[White "ValentinDragnev"]
[Black "m_ezat"]
[Result "1-0"]
[WhiteElo "2745"]
[BlackElo "2623"]
[TimeControl "180+1"]
[EndTime "10:12:23 PDT"]
[Termination "ValentinDragnev won on time"]

1. d4 Nf6 2. Nf3 g6 3. Bf4 Bg7 4. e3 d6 5. h3 O-O 6. Be2 Nfd7 7. Bh2 e5 8. c4 Nc6 9. Nc3 exd4 10. exd4 Re8 11.
O-O Nf6 12. Bd3 Nh5 13. Bc2 Bh6 14. Re1 Rxe1+ 15. Qxe1 Bf4 16. Bxf4 Nxf4 17. Qe3 Nh5 18. Re1 Bd7 19. d5 Nb4 20. Bb1 a5 21. g4 Nf6 22.
Qf4 Kg7 23. Qd4 c5 24. dxc6 Nxc6 25. Qxd6 Be6 26. Qf4 Rc8 27. Rd1 Qc7 28. Qxc7 Rxc7 29. b3 h5 30. g5 Nh7 31. Kg2 Rd7 32. Rxd7 Bxd7 33. Kg3 Nf8 34. h4 Ne6 35. Nd5 Ned4 36. Nxd4 Nxd4 37. Ne3 Ne2+ 38. Kf3 Nc3 39. Be4 b6 40. a3 a4 41. b4 Be6 42. Bd5 Bd7 43.
Be4 Be6 44. c5 bxc5 45. bxc5 Nb5 46. Nc2 Bb3 47. Ke3 Kf8 48. Bc6 Nc7 49. Nd4 Bd1 50. Kd2 Bb3 51. Kc3 Bd5 52. Bxa4 Ke7 53. Bb3 Bb7 54. a4 Ba6 55. a5 Bf1 56. Nc6+ 1-0

[Event "Early-Titled-Tuesday-Blitz-April-23-2024"]
[Site "Chess.com"]
[Date "2024.04.23"]
[Round "11"]
[White "adotand"]
[Black "CarlosjPineror"]
[Result "1-0"]
[WhiteElo "2931"]
[BlackElo "2764"]
[TimeControl "180+1"]
[EndTime "10:12:24 PDT"]
[Termination "adotand won by resignation"]

1. c4 Nf6 2. Nc3 c5 3. g3 e6 4. Bg2 Be7 5. Nf3 O-O 6. O-O a6 7. b3 Nc6 8. Bb2 d6 9. d4 cxd4 10. Nxd4 Qc7 11. Rc1 Ne5 12. Qd2 Bd7 13. e4 Rac8 14. f4 Ng6 15. Kh1 Qb8 16. a4 h5 17.
f5 Ne5 18. Nce2 Rce8 19. Nf4 Bd8 20. Rcd1 Bb6 21. Ba3 Bc5 22. Bb2 Bb6 23. Rde1 Qc7 24. Bh3 exf5 25. Nxf5 Bxf5 26. Bxf5 Ba5 27. Bc3 Bxc3 28.
Qxc3 a5 29. Bh3 b6 30. Bg2 Qc5 31. Ne2 Neg4 32. Nd4 Qb4 33. Qxb4 axb4 34. Nc6 Nd7 35. h3 Ngf6 36. Nxb4 Nc5 37. Rxf6 gxf6 38. Nd5 Kg7 39. b4 Nxa4 40. Rf1 Re6 41. Rf2 Rb8 42. Ra2 b5 43.
cxb5 Nb6 44. Nf4 Re5 45. Bf1 Rxe4 46. Nxh5+ Kf8 47. Nxf6 Rxb4 48. Rd2 Ke7 49. Ng4 Rb3 50. Kh2 f5 51. Nf2 Rg8 52. Bd3 Rf8 53. h4 Rb4 54.
Nh3 Nd5 55. Rf2 f4 56. g4 Rd4 57. Be2 Rb4 58. h5 f3 59. Bxf3 Rxb5 60. Kg3 Kd7 61. h6 Ne7 62. Bc6+ Nxc6 63. Rxf8 Ke7 64. h7 1-0

[Event "Early-Titled-Tuesday-Blitz-April-23-2024"]
[Site "Chess.com"]
[Date "2024.04.23"]
[Round "11"]
[White "lamomiajunior"]
[Black "MatthewG-p4p"]
[Result "0-1"]
[WhiteElo "2747"]
[BlackElo "2907"]
[TimeControl "180+1"]
[EndTime "10:12:27 PDT"]
[Termination "MatthewG-p4p won by resignation"]

1. d4 Nf6 2. Nc3 d5 3. Bf4 c5 4.
e4 Nxe4 5. Bb5+ Nc6 6. Nxe4 dxe4 7. Ne2 e6 8. dxc5 Qxd1+ 9. Rxd1 Bxc5 10. Nc3 f5 11. Bxc6+ bxc6 12. Na4 Be7 13. Bd6 Bf6 14. O-O Kf7 15. b3 Rd8 16. Nc5 e5 17. Bc7 Rd5 18. b4 Be6 19. a4 Rc8 20. Ba5 Be7 21. Nb7 Rb8 22. Nc5 Bxc5 23. bxc5 Rxc5 24. Bc7 Rc8 25. Bd6 Ra5 26. Rb1 Bc4 27. Rfd1 Ke6 28. Rb7 Rxa4 29. Re7+ Kf6 30. Rxe5 Bd5 31. Re7 Rd8 32. Bc5 Ra5 33. Bb4 Rb5 34. Ba3 Ra5 35. Bb4 Ra4 36. Bc5 Rc4 37.
Ba3 Rxc2 38. Rxa7 Rb8 39. Be7+ Ke6 40. Bg5 h6 41. Be3 Rg8 42. h3 g5 43. Bd4 f4 44.
Rb1 e3 45. Re1 e2 46. f3 Bc4 47. Kf2 Rd8 48. Bg7 Rd1 49. Ra1 Rxa1 50. Rxa1 h5 51.
Re1 Kf5 52. Bd4 Bb5 53. Rb1 e1=Q+ 54. Kxe1 Re2+ 55. Kd1 Rxg2 56. Ke1 Rg3 57. Kf2 Rxh3 58. Kg2 Rg3+ 59. Kf2 g4 60. fxg4+ hxg4 61. Rc1 Rd3 62. Rc5+ Ke4 63. Bf6 Rd2+ 64. Ke1 Re2+ 65. Kd1 Ra2 66.
Bg5 g3 0-1

[Event "Early-Titled-Tuesday-Blitz-April-23-2024"]
[Site "Chess.com"]
[Date "2024.04.23"]
[Round "11"]
[White "HajiyevKanan"]
[Black "Gryffindorac8"]
[Result "1/2-1/2"]
[WhiteElo "2603"]
[BlackElo "2461"]
[TimeControl "180+1"]
[EndTime "10:12:27 PDT"]
[Termination "Game drawn - insufficient material"]

1. d4 Nf6 2. Nf3 e6 3. c4 c5 4. e3 d5 5. Nc3 Nc6 6. Be2 Be7 7. dxc5 Bxc5 8. O-O O-O 9. b3 Bb6 10. cxd5 exd5 11.
Bb2 Re8 12. Na4 Bc7 13. Rc1 Ne4 14.
Nc5 Nxc5 15. Rxc5 Bg4 16. Nd4 Qd6 17. g3 Bxe2 18. Rxc6 Bxd1 19. Rxd6 Bxd6 20. Rxd1 Be5 21. Ba3 Bxd4 22. Rxd4 Rad8 23. Kf1 Re4 24. Rd2 f5 25. h4 d4 26. Bc5 d3 27. Bxa7 Re6 28. Bd4 Rc6 29.
Rxd3 Rc2 30. a4 Rdc8 31. b4 Ra2 32. Bc5 Rxa4 33. Rd7 b6 34. Bd4 g6 35. Rg7+ Kf8 36. Rxh7 Rc2 37. Bxb6 Rxb4 38. Rc7 Rxc7 39. Bxc7 Kf7 40.
Kg2 Rb1 41. Kf3 Rb3 42. Be5 Rb5 43. Bd4 Ke6 44. Kf4 Rb3 45. Kg5 Kf7 46. f3 Rb5 47. g4 fxg4+ 48. Kxg4 Rd5 49. Kf4 Rh5 50. Kg4 Rf5 51.
e4 Rb5 52. Be3 Rb3 53. Bg5 Ra3 54. f4 Rb3 55. h5 Rb4 56. e5 gxh5+ 57. Kxh5 Ke6 58. Kg6 Rc4 59. Bh6 Rd4 60. f5+ Kd5 61. e6 Re4 62. Bg5 Rxe6+ 63. Bf6 Re4 64. Bg7 Rf4 65.
f6 Rxf6+ 66. Bxf6 1/2-1/2

[Event "Early-Titled-Tuesday-Blitz-April-23-2024"]
[Site "Chess.com"]
[Date "2024.04.23"]
[Round "11"]
[White "Bilan_Danila"]
[Black "Raskolnikov6"]
[Result "1-0"]
[WhiteElo "2550"]
[BlackElo "2399"]
[TimeControl "180+1"]
[EndTime "10:12:29 PDT"]
[Termination "Bilan_Danila won by resignation"]

1. d4 d5 2. Nf3 Nf6 3. c4 e6 4.
Nc3 c5 5. cxd5 Nxd5 6. e4 Nxc3 7. bxc3 cxd4 8. cxd4 Bb4+ 9. Bd2 Bxd2+ 10. Qxd2 O-O 11. Bc4 b6 12. d5 Ba6 13. Bxa6 Nxa6 14. d6 Nc5 15. e5 f6 16. O-O Qd7 17. Rad1 Rac8 18.
Rfe1 Rc6 19. Qe3 Qf7 20. exf6 gxf6 21. Rd4 Rd8 22. Red1 e5 23. Rd5 Nd7 24. g3 Rdc8 25. Nh4 Qh5 26. Qe4 Rc1 27. Rxc1 Rxc1+ 28. Kg2 Kf7 29. Rd3 Rc5 30. Qb7 Ke6 31. Qa8 Qf7 32. g4 h5 33. h3 hxg4 34. hxg4 e4 35. Rd2 Qg7 36. Qxe4+ Ne5 37. d7 Rc4 38. Qxc4+ Nxc4 39. d8=Q Qxg4+ 40. Kf1 Nxd2+ 41. Qxd2 Qxh4 42. Qe2+ Kf5 43. Qd3+ Qe4 44. Qd7+ Qe6 45. Qh7+ Ke5 46. Qxa7 Qc4+ 47. Kg1 Qc5 48. Qa8 Kf5 49. Qc8+ Kg6 50. Qxc5 bxc5 51.
Kf1 Kf5 52. Ke2 Ke4 53. Kd2 Kd4 54. a4 Kc4 55. Kc2 Kb4 56. Kd3 Kxa4 57. Kc4 Ka3 58. Kxc5 Kb3 59. Kd6 Kc3 60. f4 Kd4 61. f5 Kc4 62. Ke6 Kc5 63. Kxf6 Kd6 64. Kg7 Kd7 65. f6 Ke6 66. f7 Ke5 67. f8=Q Ke4 68. Qf6 1-0

[Event "Early-Titled-Tuesday-Blitz-April-23-2024"]
[Site "Chess.com"]
[Date "2024.04.23"]
[Round "11"]
[White "Korchmar_Vasiliy"]
[Black "jeetjain"]
[Result "1/2-1/2"]
[WhiteElo "2707"]
[BlackElo "2629"]
[TimeControl "180+1"]
[EndTime "10:12:30 PDT"]
[Termination "Game drawn by agreement"]

1. d4 c5 2. e3 cxd4 3. exd4 d5 4.
Bd3 Nf6 5. h3 Nc6 6. c3 g6 7. Nf3 Bg7 8. O-O O-O 9. Bf4 Bf5 10.
Bxf5 gxf5 11. Nbd2 Ne4 12. Ne1 e6 13. Nd3 Kh8 14.
f3 Nxd2 15. Qxd2 Bf6 16. g4 Rg8 17. Kh2 Ne7 18. Ne5 Qe8 19. Rg1 fxg4 20. fxg4 Ng6 21. Raf1 Nxf4 22. Qxf4 Bxe5 23. Qxe5+ Rg7 24. Rf6 Kg8 25.
h4 Rc8 26. g5 Qb5 27. Rg2 Qa5 28. a3 Qc7 29. Qxc7 Rxc7 30. h5 b5 31. Kh3 Rc6 32. Kg4 Kf8 33. Kf4 Ke7 34. Ke5 a5 35. g6 hxg6 36. hxg6 b4 37. axb4 axb4 38. cxb4 Rb6 39. gxf7 Rxf7 40. Rgg6 Rxf6 41. Rxf6 Rxb4 42. Rxe6+ Kd7 43. Rd6+ Ke7 44. Kxd5 Rxb2 45. Rh6 Kd7 46. Rh7+ Kd8 47. Kc6 Ra2 48. Rh8+ Ke7 49. Rh7+ Kd8 50. Kb5 Rc2 51. d5 Rc1 52. Kb6 Rc2 53. Ra7 Rc1 54. Rf7 Rc2 55. Kb5 Rc1 56. Rf6 Kd7 57. Kb6 Rb1+ 58.
Kc5 Rc1+ 59. Kb4 Rc2 60. Kb3 Rc1 61. Kb4 Rc2 62. Rg6 Rc1 63. Rh6 Rc2 64. Kb3 Rc5 65.
Rh5 Kd6 66. Kb4 Rxd5 67. Rh6+ Ke5 68. Kc4 Rd4+ 69. Kc3 Rd8 70. Rh1 Rc8+ 71. Kd3 1/2-1/2

[Event "Early-Titled-Tuesday-Blitz-April-23-2024"]
[Site "Chess.com"]
[Date "2024.04.23"]
[Round "11"]
[White "David_George21"]
[Black "GMAneta"]
[Result "1-0"]
[WhiteElo "2341"]
[BlackElo "2479"]
[TimeControl "180+1"]
[EndTime "10:12:31 PDT"]
[Termination "David_George21 won by resignation"]

1. e4 c5 2. Nf3 Nc6 3. d4 cxd4 4.
Nxd4 g6 5. c4 Bg7 6. Be3 Nf6 7.
Nc3 Ng4 8. Qxg4 Nxd4 9. Qd1 Ne6 10. Be2 Bxc3+ 11. bxc3 Qa5 12. Qd2 d6 13. O-O Bd7 14.
f4 Bc6 15. f5 Nc5 16. Qd4 f6 17. Bf3 O-O-O 18. Rab1 Rhg8 19. Kh1 gxf5 20. exf5 Bxf3 21. Rxf3 Qxa2 22. Rg1 Qe2 23. Qd5 Qd3 24. Qf7 Qe4 25.
Ra1 a6 26. Qxh7 Nd3 27. Qf7 Rxg2 28. Kxg2 Qxf3+ 29. Kxf3 Ne5+ 30. Ke4 Nxf7 31. Rg1 Rh8 32. Rg7 Rh4+ 33. Kd5 Ne5 34. Rxe7 Nxc4 35. Bd4 a5 36. Kxc4 a4 37. Kb4 Rxh2 38. Kxa4 Rh5 39. Rf7 Rxf5 40.
Rxf6 Rd5 41. Kb4 Kd7 42. Kc4 Ra5 43. Rf7+ Kc6 44. Rf8 Ra4+ 45. Kd3 Ra2 46. Rc8+ Kd5 47. Rc7 b5 48. Rb7 Rb2 49. Rb8 Rb1 50. Rh8 Rd1+ 51. Kc2 Rf1 52. Rb8 Kc4 53. Rc8+ Kd5 54.
Rc7 Rh1 55. Kb2 Rf1 56. Rb7 Kc4 57. Rc7+ Kd5 58. Rc8 Rh1 59. Kb3 Rb1+ 60. Kc2 Rh1 61. Rg8 Kc4 62. Rg4 Rh2+ 63. Kc1 Kb3 64. Kd1 Rh1+ 65. Kd2 Rh2+ 66. Kd3 Rh3+ 67. Be3 Ka3 68. Rb4 Rh5 69. Bf4 Rd5+ 70. Rd4 Rxd4+ 71. Kxd4 Kb3 72.
Bxd6 Ka4 73. Kc5 Ka5 74. Bc7+ Ka6 75. Kb4 Kb7 76. Be5 Kc6 77. Bd4 Kb7 78. Kxb5 Kc8 79. c4 Kb8 80. c5 Kc8 81. c6 Kc7 82. Be5+ Kc8 83. Kb6 Kd8 84. Kb7 Ke7 85. c7 Ke6 86. c8=Q+ 1-0